 Dungeon Crawl Stone Soup version 0.21-a0-216-g6d3fd91 (webtiles) character file.

991 Gorglomux the Fighter (level 8, 0/77 HPs)
             Began as a Hill Orc Conjurer on Aug 23, 2017.
             Slain by an ice beast (12 damage)
             ... on level 5 of the Dungeon.
             The game lasted 00:08:48 (5171 turns).

Gorglomux the Fighter (Hill Orc Conjurer)           Turns: 5171, Time: 00:08:49

Health: 0/77       AC:  7    Str: 13    XL:     8   Next: 18%
Magic:  3/10       EV: 15    Int: 12    God:
Gold:   333        SH:  0    Dex: 16    Spells: 9/10 levels left

rFire    . . .     SeeInvis .   a - +2 dagger (venom)
rCold    . . .     Gourm    .   (no shield)
rNeg     . . .     Faith    .   A - +0 scale mail
rPois    .         Spirit   .   (no helmet)
rElec    .         Reflect  .   (no cloak)
rCorr    .         Harm     .   (no gloves)
MR       .....                  (no boots)
Stlth    ++........             (no amulet)
HPRegen  0.22/turn              O - -3 ring of intelligence (curse)
MPRegen  0.12/turn              (no ring)

@: agile
A: no striking features
a: no special abilities


You were on level 5 of the Dungeon.
You were not hungry.

You visited 1 branch of the dungeon, and saw 6 of its levels.

You collected 333 gold pieces.

Inventory:

Hand Weapons
 a - a +2 dagger of venom (weapon)
 b - the +10 mace "Syenkoj" {protect, +Blink rPois Int-2 SInv}
   (You found it on level 4 of the Dungeon)

   It protects the one who uses it against injury (+AC on strike).
   It affects your intelligence (-2).
   It protects you from poison.
   It lets you see invisible.
   It lets you blink.
 g - a +0 spear
Armour
 h - a +0 leather armour
 A - a +0 scale mail (worn)
Jewellery
 H - an uncursed amulet of faith {unknown}
 L - an uncursed amulet of guardian spirit
 O - a cursed -3 ring of intelligence (left hand)
 W - an uncursed ring of stealth {unknown}
Scrolls
 i - 2 scrolls of remove curse {unknown}
 l - a scroll of random uselessness {unknown}
 q - 2 scrolls of recharging {unknown}
 s - 2 scrolls of magic mapping {unknown}
 D - a scroll of enchant weapon {unknown}
 F - 2 scrolls of teleportation {unknown}
 I - 5 scrolls of identify {unknown}
 V - a scroll of immolation {unknown}
 X - a scroll of blinking {unknown}
Potions
 k - 2 potions of heal wounds
 n - 3 potions of haste
 p - 2 potions of degeneration {unknown}
 B - 2 potions of agility
 E - a potion of might {unknown}
 J - 2 potions of lignification {unknown}
 P - a potion of brilliance {unknown}
 Q - 2 potions of curing
 R - a potion of flight {unknown}
 T - a potion of magic {unknown}
 U - a potion of mutation {unknown}
Comestibles
 c - 3 bread rations
 d - 5 royal jellies
 z - 5 meat rations


   Skills:
 + Level 8.8 Fighting
 + Level 5.7 Armour
 - Level 1.5 Dodging
 - Level 1.5 Stealth
 - Level 1.5 Spellcasting
 - Level 4.0 Conjurations


You had 9 spell levels left.
You knew the following spells:

 Your Spells              Type           Power        Failure   Level  Hunger
a - Magic Dart            Conj           ##..         22%         1    ##.....


Dungeon Overview and Level Annotations

Branches:
Dungeon (6/15)
 Temple: D:4-7

Altars:
Makhleb


Message History

Your +2 dagger of venom begins to drip with poison!!!
a - a +2 dagger of venom (weapon)
You perforate the ice beast like a sieve!
The ice beast is lightly wounded!
The ice beast hits you but does no damage!
You closely miss the ice beast!
The ice beast is lightly wounded!
The ice beast hits you! * * * don't die
* * * The ice beast freezes you!!! * * * don't die
* * * You completely miss the ice beast!
The ice beast butts butt-ly wounded!
The ice beast closely misses you!
Put on which piece of jewellery? (? for menu, Esc to quit)
You remove your amulet of guardian spirit!
The ice beast butts you! * * * don't die
* * * The ice butt freezes you!!! rip

###.....##.###.#.##.# #.###..#.##
#...........#.......# #.#.....#.#
#.#.....##.)..#.....###.#.###....
#<##...######...##........# #.##.
#[##.### ##<####.###.#.###(##.
#.##.# #(# #.# #.#........ #.##.#
#.# #.###.####.#.#. #.##.#######
#.####.##.......#.#. #..........#
#..@Y......######.#. ####.#####.#
######.##.### #.## ..รท..# #.#
#......# #.## ###### #.#
#..###.#####.## #.# #..#
#.......## #.# #..###.####..##
#.# #......# #...# ####.#
#.###### ##.#.. #...)### #.#
#.....


You could see an ice beast.

Vanquished Creatures
  Sigmund (D:5)
  A steam dragon (D:6)
  An ogre (D:5)
  2 scorpions
  A crimson imp (D:5)
  A hound (D:5)
  An orc priest (D:4)
  An iguana (D:5)
  2 orc wizards (D:4)
  Ijyb (D:3)
  Natasha (thrice) (D:3)
  A worker ant (D:5)
  3 gnolls (D:4)
  9 adders
  An ooze (D:2)
  An adder skeleton (D:4)
  2 worms
  4 dart slugs
  5 leopard geckos
  6 orcs
  A ball python (D:1)
  7 giant cockroaches
  11 goblins
  9 hobgoblins
  9 jackals
  8 kobolds
  4 bats
  8 frilled lizards
  10 rats
114 creatures vanquished.

Notes
Turn   | Place    | Note
-------+----------+-------------------------------------------
     0 | D:1      | Gorglomux the Hill Orc Conjurer began the quest for the Orb.
     0 | D:1      | Reached XP level 1. HP: 14/14 MP: 3/3
    52 | D:1      | Reached skill level 1 in Fighting
   228 | D:1      | Reached skill level 2 in Fighting
   228 | D:1      | Reached XP level 2. HP: 22/24 MP: 2/4
   503 | D:1      | Reached skill level 3 in Fighting
   650 | D:1      | Reached XP level 3. HP: 24/31 MP: 5/5
  1247 | D:2      | Reached skill level 4 in Fighting
  1247 | D:2      | Reached XP level 4. HP: 37/40 MP: 6/6
  1574 | D:2      | Reached skill level 5 in Fighting
  1812 | D:2      | Reached XP level 5. HP: 33/48 MP: 7/7
  2397 | D:3      | Noticed Natasha
  2403 | D:3      | Killed Natasha
  2690 | D:3      | Noticed Ijyb
  2729 | D:3      | Killed Ijyb
  2729 | D:3      | Reached skill level 6 in Fighting
  2729 | D:3      | Reached skill level 1 in Armour
  3029 | D:3      | Noticed Natasha
  3042 | D:3      | Killed Natasha
  3042 | D:3      | Reached XP level 6. HP: 48/58 MP: 8/8
  3259 | D:3      | Noticed Natasha
  3266 | D:3      | Killed Natasha
  3527 | D:4      | Got a brightly glowing mace
  3528 | D:4      | Identified the +10 mace "Syenkoj" {protect, +Blink rPois Int-2 SInv} (You found it on level 4 of the Dungeon)
  3979 | D:4      | Reached skill level 7 in Fighting
  3993 | D:4      | Reached skill level 3 in Armour
  4127 | D:5      | Entered Level 5 of the Dungeon
  4134 | D:5      | Reached XP level 7. HP: 66/66 MP: 9/9
  4589 | D:5      | Found a burning altar of Makhleb.
  4700 | D:5      | Noticed Sigmund
  4719 | D:5      | Killed Sigmund
  4719 | D:5      | Reached skill level 8 in Fighting
  4857 | D:5      | Reached XP level 8. HP: 58/75 MP: 5/10
  5171 | D:5      | Slain by an ice beast

Vault maps used:
D:1:      roderic_octagonal_star, minmay_misc_feat_doors, minmay_pentomino_t4
D:2:      serial_forest, infiniplex_forest_zigzag_1,
          infiniplex_forest_lined_room_2, infiniplex_forest_zigzag_1,
          infiniplex_forest_clump_medium, infiniplex_forest_straight_2,
          infiniplex_forest_lined_2, infiniplex_forest_straight_4,
          infiniplex_forest_lined_2
D:3:      uniq_ijyb, uniq_natasha
D:5:      makhleb_blood_cavern_becter, first_bread, minmay_lizard_king,
          uniq_sigmund
D:6:      minmay_temple_entry_nine_rooms, dk_rats_in_the_wall

Skill      XL: |  1  2  3  4  5  6  7 |
---------------+----------------------+-----
Fighting       | 2 3 4 5 6 7 8 |  8.8
Armour         | 1 3 5 |  5.7
Dodging        | |  1.5
Stealth        | |  1.5
Spellcasting   | |  1.5
Conjurations   | |  4.0

Action                   |  1- 3 |  4- 6 |  7- 9 || total
-------------------------+-------+-------+-------++-------
Melee: Spear             |    36 |       |       ||    36
       Dagger            |    62 |   163 |    88 ||   313
       Mace              |       |    18 |     5 ||    23
 Cast: Magic Dart        |    23 |    13 |       ||    36
  Use: Potion            |       |       |     3 ||     3
 Stab: Sleeping          |       |     1 |       ||     1
  Eat: Chunk             |     2 |     9 |     4 ||    15
Armor: Robe              |     2 |       |       ||     2
       Leather armour    |    21 |    14 |       ||    35
       Scale mail        |       |    35 |    44 ||    79
Dodge: Dodged            |    71 |    96 |    46 ||   213

Table legend:
 A = Spawn XP
 B = Non-spawn XP
 C = Spawn XP percentage of total XP
 D = Spawn monster count
 E = Non-spawn monster count
 F = Spawn count percentage of total count
 G = Total turns spent on level
                    A         B        C        D         E        F      G
               +---------+---------+-------+---------+---------+-------+---------
         Total |      40 |    1377 |   2.8 |      17 |      97 |  14.9 |  5171
               +---------+---------+-------+---------+---------+-------+---------
           D:1 |      17 |      50 |  25.4 |      10 |      26 |  27.8 |  1236
           D:2 |       5 |      98 |   4.9 |       4 |      28 |  12.5 |  1065
           D:3 |      15 |     172 |   8.0 |       2 |      13 |  13.3 |   975
           D:4 |       0 |     257 |   0.0 |       0 |      14 |   0.0 |   851
           D:5 |       3 |     610 |   0.5 |       1 |      15 |   6.2 |  1014
           D:6 |       0 |     190 |   0.0 |       0 |       1 |   0.0 |    30
               +---------+---------+-------+---------+---------+-------+---------
